 Dungeon Crawl Stone Soup version 0.20-a0-315-g8346a86 (webtiles) character file.

189698 dondy the Severer (level 18, -16/177 HPs)
             Began as a Hill Orc Monk on Dec 20, 2016.
             Was the Champion of Beogh.
             Demolished by an emperor scorpion (34 damage)
             ... on level 4 of the Spider Nest.
             The game lasted 03:41:23 (39095 turns).

dondy the Severer (Hill Orc Monk)                  Turns: 39095, Time: 03:41:24

Health: -16/177    AC: 35    Str: 27    XL:     18   Next: 14%
Magic:  0/25       EV: 11    Int: 10    God:    Beogh [******]
Gold:   3658       SH:  0    Dex: 10    Spells: 17/17 levels left

rFire  . . .     SeeInvis .     a - +1 battleaxe (flame)
rCold  + . .     Gourm    .     A - +3 plate armour {rN+}
rNeg   + . .     Faith    .     (shield currently unavailable)
rPois  +         Spirit   .     W - +0 helmet
rElec  +         Reflect  .     X - +2 cloak {+Inv}
rCorr  .         Harm     .     l - +2 pair of gloves
MR     +++..                    Y - +2 pair of boots {run}
Stlth  ..........               f - amulet of regeneration
                                k - ring of protection from cold
                                P - ring of Ethics {rElec rPois MR++ Dex-3}

@: mighty, very slightly contaminated, hasted, very quick
A: walk on water
}: 1/15 runes: decaying
a: Smiting, Recall Orcish Followers, Give Item to Named Follower, Resurrection,
Renounce Religion, Evoke Invisibility


You were on level 4 of the Spider Nest.
You worshipped Beogh.
Beogh was exalted by your worship.
You were not hungry.

You visited 5 branches of the dungeon, and saw 31 of its levels.
You also visited: Labyrinth and Sewer.

You collected 3706 gold pieces.
You spent 48 gold pieces at shops.

Inventory:

Hand Weapons
 a - a +1 battleaxe of flaming (weapon)
Missiles
 y - 8 tomahawks of returning (quivered)
Armour
 l - a +2 pair of gloves (worn)
 A - a +3 plate armour of positive energy (worn)
 W - a +0 helmet (worn)
 X - a +2 cloak of invisibility (worn)
 Y - a +2 pair of boots of running (worn)
Rods
 b - a +0 rod of inaccuracy (9/9)
   (You found it on level 3 of the Swamp)
Jewellery
 f - an amulet of regeneration (around neck)
 k - a ring of protection from cold (right hand)
 C - an uncursed ring of see invisible {unknown}
 J - a +3 ring of slaying {unknown}
 P - the ring of Ethics (left hand) {rElec rPois MR++ Dex-3}
   (You found it in a labyrinth)

   [ring of dexterity]

   It affects your dexterity (-3).
   It insulates you from electricity.
   It protects you from poison.
   It affects your resistance to hostile enchantments.
Wands
 j - a wand of lightning (6/15)
 s - a wand of polymorph (12/24)
 u - a wand of enslavement (10/24)
 E - a wand of random effects (37/48)
 I - a wand of confusion (3/48)
 K - a wand of acid (7/15)
Scrolls
 e - 5 scrolls of fog
 h - 4 scrolls of blinking
 i - 6 scrolls of fear
 v - 4 scrolls of magic mapping
 w - 5 scrolls of identify
 x - a scroll of enchant armour
 O - 8 scrolls of teleportation
 T - 12 scrolls of remove curse
Potions
 d - a potion of ambrosia
 n - 8 potions of brilliance
 o - 2 potions of berserk rage
 p - a potion of heal wounds
 r - 8 potions of flight
 z - a potion of cancellation
 G - 7 potions of curing
 H - 2 potions of might
 R - 2 potions of agility
 U - 2 potions of resistance
Miscellaneous
 t - a phantom mirror
 B - a box of beasts
 M - a crystal ball of energy
 V - a fan of gales
Comestibles
 c - 19 bread rations
 g - 22 meat rations
 m - 15 fruits
 q - 9 beef jerkies
 F - 4 chunks of flesh
 L - 2 royal jellies


   Skills:
 + Level 19.6 Fighting
 - Level 20.0 Axes
 - Level 20.0 Armour
 + Level 6.2 Dodging
 - Level 1.5 Stealth
 - Level 10.0 Invocations
 + Level 8.5 Evocations


You had 17 spell levels left.
You didn't know any spells.

Dungeon Overview and Level Annotations

Branches:
Dungeon (15/15)            Temple (0/1) D:4            Lair (6/6) D:8
  Swamp (4/4) Lair:3       Spider (4/4) Lair:3        Slime (0/5) Lair:6
    Orc (2/2) D:11            Elf (0/3) Orc:2        Vaults (0/5) D:13
 Depths (0/5) D:15

Altars:
Cheibriados
Fedhas
Gozag
Makhleb
Nemelex Xobeh
Okawaru
Sif Muna
Trog
Uskayaw
Vehumet
Xom
Zin
The Shining One
Beogh
Jiyva

Shops:
D:9 }   D:13 *   Orc:2 (}:[

Annotations:
Lair:6 exclusion: 2 oklob plants


Message History

Beogh accepts your kill.
You feel you are being watched by something.
You barely miss the emperor scorpion.
The emperor scorpion is almost dead.
The emperor scorpion stings you but does no damage.
The emperor scorpion completely misses you.
The emperor scorpion claws you!
* * * LOW HITPOINT WARNING * * *
The spark wasp is caught in a web!
You feel much better.
You feel you are being watched by something.
The emperor scorpion stings you but does no damage.
The emperor scorpion claws you but does no damage.
The emperor scorpion claws you.
* * * LOW HITPOINT WARNING * * *
The spark wasp struggles to get unstuck from the web.
You slash the emperor scorpion! You burn the emperor scorpion.
The emperor scorpion is almost dead.
The emperor scorpion stings you!!
You die...

#^)..^.^.....^.......#
#≈.....#..^...#^......#
#^.....#...^..#......^^
#.....^#....^.#...^....#
#.....^#..^^..#^...#####
####..≈#≈.^.^≈# ###
##..#.^..^.# #.....^#
##.s@.≈## #^#s#ys#
#^.s{..## #s.s....#
#.....†.## #^....†..#
#.≈....†.# ##.o.....#
#≈...^^##


You could see an emperor scorpion (berserk), a spark wasp (webbed), a wolf
spider, 2 orb spiders, a jumping spider, a redback and the friendly Gorg the orc
knight.

Vanquished Creatures
  A tentacled monstrosity (Swamp:4)
  7 thorn hunters
  2 ghost moths
  2 emperor scorpions (Spider:4)
  4 very ugly things
  3 entropy weavers
  A spark wasp (Spider:4)
  2 green deaths (Swamp:4)
  A minotaur (Lab)
  Erolcha (D:11)
  2 vault guards (D:13)
  14 hydras
  2 catoblepae (Lair:6)
  3 two-headed ogres (D:10)
  A death knight (D:13)
  A centaur warrior (D:15)
  5 alligators
  2 death yaks (Lair:4)
  2 orc high priests (Orc:2)
  2 thrashing horrors (Swamp:4)
  3 skeletal warriors (D:12)
  A spriggan druid (Swamp:2)
  8 swamp dragons
  A lindwurm (Lair:5)
  2 manticores
  An orc knight (Orc:2)
  13 orb spiders
  24 wolf spiders
  A cyclops (D:14)
  3 moths of wrath
  8 ugly things
  3 centaur zombies
  6 elephants
  A black mamba (Lair:2)
  6 spiny frogs
  3 torpor snails
  An orange demon (Swamp:4)
  2 yaktaurs (D:15)
  A rime drake (Lair:4)
  2 efreet
  A kobold demonologist (D:13)
  2 komodo dragons
  7 trolls
  9 demonic crawlers
  2 meliai (D:15)
  36 jumping spiders
  7 tyrant leeches
  14 hornets
  4 blink frogs
  3 dream sheep (Lair:6)
  4 hippogriffs
  19 slime creatures
  12 bog bodies
  A vampire (D:15)
  7 shadows
  A wraith (D:13)
  53 redbacks
  7 spriggans
  17 tarantellas
  4 wyverns
  2 basilisks
  16 yaks
  2 hungry ghosts
  14 vampire mosquitoes
  8 wargs
  Menkaure (D:4)
  21 swamp worms
  3 hell hounds (D:12)
  12 water moccasins
  Duvessa (D:5)
  2 porcupines
  2 swamp drakes
  Purgy (Sewer)
  7 orc warriors
  8 ogres
  An ice beast (D:13)
  2 phantoms
  A sky beast (D:15)
  A black bear (D:12)
  10 centaurs
  8 crocodiles
  10 bullfrogs
  5 big kobolds
  Dowan (D:5)
  2 wyvern skeletons
  2 scorpions
  6 killer bees
  11 wights
  2 howler monkeys
  2 electric eels (Lair:6)
  6 crimson imps
  2 hounds
  A bullfrog zombie (D:7)
  The ghost of TotoDurand the Ducker, a weakling FeCK of Xom (Sewer)
  3 jellies
  3 orc priests
  3 centaur skeletons
  A gnoll shaman (D:8)
  2 iguanas
  9 orc wizards
  8 worker ants
  9 adders
  23 gnolls
  A shadow imp (D:11)
  2 worms
  4 dart slugs
  11 leopard geckos
  24 orcs
  3 ball pythons
  7 bats
  5 giant cockroaches
  10 goblins
  6 hobgoblins
  29 jackals
  6 quokkas
  10 frilled lizards
  A jackal skeleton (D:8)
  45 kobolds
  8 rats
  16 briar patches (Swamp:4)
  A fungus (Lair:6)
  4 plants
786 creatures vanquished.

Vanquished Creatures (collateral kills)
  Agnes (Spider:1)
  Louise (D:15)
  An entropy weaver (Spider:2)
  Azrael (D:12)
  Nessos (D:14)
  Josephine (D:11)
  A yaktaur captain (D:15)
  2 vault guards (D:13)
  A centaur warrior (D:13)
  A catoblepas (Lair:6)
  2 hydras
  A two-headed ogre (D:9)
  9 death yaks
  2 orc high priests (Orc:2)
  Urug (D:11)
  A skeletal warrior (D:12)
  2 deep elf magi
  10 wolf spiders
  3 orb spiders
  A manticore (Lair:6)
  2 cyclopes
  8 elephants
  2 ugly things
  3 black mambas
  8 spiny frogs
  4 torpor snails
  A gargoyle (D:13)
  6 demonic crawlers
  A kobold demonologist (D:13)
  3 trolls
  10 komodo dragons
  19 jumping spiders
  A meliai (D:15)
  5 hornets
  A tyrant leech (Swamp:1)
  10 blink frogs
  2 hippogriffs
  7 dream sheep
  3 slime creatures
  A meliai zombie (D:14)
  17 redbacks
  3 spriggans (Swamp:1)
  27 yaks
  11 tarantellas
  4 wraiths
  A vampire (D:10)
  4 wyverns
  2 fire elementals (D:12)
  2 basilisks
  A hungry ghost (D:9)
  A steam dragon (D:12)
  A swamp worm (Swamp:2)
  3 wargs (Orc:2)
  2 water moccasins
  3 hell hounds (D:12)
  A soldier ant (D:11)
  2 acid dragons
  4 porcupines
  An ice beast (D:5)
  5 orc warriors
  2 black bears
  A sky beast (D:9)
  2 phantoms
  A necrophage (D:9)
  3 ogres
  2 centaurs
  3 crocodiles
  5 bullfrogs
  2 big kobolds
  A gnoll sergeant (D:7)
  A scorpion (D:5)
  3 killer bees
  6 wights
  3 howler monkeys
  3 crimson imps
  4 centaur zombies
  A quasit (D:11)
  11 orc priests
  2 hounds
  4 orc wizards
  A gnoll shaman (D:5)
  An iguana (D:9)
  3 worker ants
  A hound zombie (D:6)
  12 gnolls
  An adder (D:7)
  A river rat (D:6)
  A shadow imp (D:14)
  An adder zombie (D:7)
  10 orcs
  A giant cockroach (D:6)
  4 jackals (D:7)
  3 quokkas
  9 kobolds
  A rat (D:6)
  2 butterflies (Lair:5)
  22 fungi
  20 plants
389 creatures vanquished.

Vanquished Creatures (others)
  An orc warlord (Orc:1)
  3 orc sorcerers
  2 orc high priests (D:15)
  4 orc warriors
  5 orc knights
  22 orc priests
  3 big kobolds (D:4)
  7 orc wizards
  60 orcs
  17 kobolds (D:4)
  2 briar patches (Swamp:3)
  13 fungi (Lair:6)
  5 plants (Lair:6)
144 creatures vanquished.

Grand Total: 1319 creatures vanquished

Notes
Turn   | Place    | Note
-------+----------+-------------------------------------------
     0 | D:1      | dondy the Hill Orc Monk began the quest for the Orb.
     0 | D:1      | Reached XP level 1. HP: 19/19 MP: 1/1
    90 | D:1      | Reached XP level 2. HP: 26/26 MP: 2/2
   121 | D:1      | Reached skill level 5 in Axes
   289 | D:1      | Reached XP level 3. HP: 17/31 MP: 3/3
  1166 | D:2      | Reached XP level 4. HP: 39/39 MP: 4/4
  2819 | D:3      | Reached XP level 5. HP: 30/45 MP: 5/5
  3603 | D:3      | Reached XP level 6. HP: 41/51 MP: 6/6
  3659 | D:3      | Found a bloodstained altar of Trog.
  3659 | D:3      | Found a hide-covered altar of Uskayaw.
  3664 | D:3      | Found a radiant altar of Vehumet.
  3664 | D:3      | Found a blossoming altar of Fedhas.
  3702 | D:3      | Found an opulent altar of Gozag.
  3905 | D:4      | Noticed Menkaure
  4208 | D:4      | Killed Menkaure
  4245 | D:4      | Became a worshipper of Beogh the Brigand
  4245 | D:4      | Reached * piety under Beogh
  4245 | D:4      | Reached ** piety under Beogh
  4506 | D:4      | Found a staircase to the Ecumenical Temple.
  4624 | D:4      | Reached skill level 10 in Axes
  4624 | D:4      | Reached XP level 7. HP: 37/57 MP: 7/7
  5176 | D:4      | Reached skill level 1 in Armour
  5235 | D:4      | Reached *** piety under Beogh
  6139 | D:5      | Entered Level 5 of the Dungeon
  6157 | D:5      | Found a burning altar of Makhleb.
  6166 | D:5      | Found a shimmering altar of Xom.
  6173 | D:5      | Found an iron altar of Okawaru.
  6208 | D:5      | Reached XP level 8. HP: 64/64 MP: 8/8
  6655 | D:5      | Noticed Duvessa
  6655 | D:5      | Noticed Dowan
  6684 | D:5      | Killed Duvessa
  6702 | D:5      | Killed Dowan
  6702 | D:5      | Reached skill level 5 in Armour
  7364 | D:5      | Reached **** piety under Beogh
  8103 | D:6      | Reached XP level 9. HP: 56/70 MP: 9/9
  8383 | D:6      | Found a glowing drain.
  8402 | Sewer    | Entered a sewer
  8435 | Sewer    | Noticed TotoDurand's ghost (weakling FeCK)
  8477 | Sewer    | Killed TotoDurand's ghost
  8719 | Sewer    | Noticed Purgy
  8763 | Sewer    | Killed Purgy
  9576 | D:7      | Reached ***** piety under Beogh
  9640 | D:7      | Gained Zorug as an ally
  9724 | D:7      | Found a sparkling altar of Nemelex Xobeh.
  9900 | D:7      | Found a glowing golden altar of the Shining One.
  9900 | D:7      | Found a sparkling altar of Nemelex Xobeh.
 10046 | D:7      | Gained Bogfrid as an ally
 10050 | D:7      | Found a deep blue altar of Sif Muna.
 10895 | D:8      | Found a glowing silver altar of Zin.
 11029 | D:8      | Noticed a komodo dragon
 11033 | D:8      | Your ally Zorug died
 11038 | D:8      | Your ally Bogfrid died
 11040 | D:8      | Killed a komodo dragon
 11040 | D:8      | Reached XP level 10. HP: 16/77 MP: 10/10
 11403 | D:8      | Found a staircase to the Lair.
 12702 | D:9      | Reached skill level 15 in Axes
 12745 | D:9      | Noticed a two-headed ogre
 12752 | D:9      | Killed a two-headed ogre
 12943 | D:9      | Found Kodur's Gadget Boutique.
 13196 | D:9      | Gained Zorug as an ally
 13927 | D:10     | Entered Level 10 of the Dungeon
 13927 | D:10     | Noticed a two-headed ogre
 13935 | D:10     | Your ally Zorug died
 13938 | D:10     | Killed a two-headed ogre
 13942 | D:10     | Reached skill level 10 in Armour
 14383 | D:10     | Noticed a two-headed ogre
 14395 | D:10     | Killed a two-headed ogre
 14432 | D:10     | Noticed a two-headed ogre
 14437 | D:10     | Reached XP level 11. HP: 69/81 MP: 11/11
 14439 | D:10     | Killed a two-headed ogre
 14949 | D:10     | Reached ****** piety under Beogh
 15488 | D:11     | Noticed Urug
 15496 | D:11     | Killed Urug
 15692 | D:11     | Noticed Erolcha
 15700 | D:11     | Killed Erolcha
 15819 | D:11     | Noticed a cyclops
 15827 | D:11     | Killed a cyclops
 15922 | D:11     | Gained Ortolf as an ally
 16054 | D:11     | Found a staircase to the Orcish Mines.
 16221 | D:11     | Noticed Josephine
 16227 | D:11     | Killed Josephine
 16537 | Lair:1   | Entered Level 1 of the Lair of Beasts
 16555 | Lair:1   | Noticed a four-headed hydra
 16563 | Lair:1   | Killed a five-headed hydra
 16709 | Lair:1   | Reached XP level 12. HP: 62/89 MP: 12/12
 16812 | Lair:1   | Gained Bogbarth as an ally
 17311 | Lair:2   | Reached skill level 1 in Invocations
 17923 | Lair:2   | Gained Brunolf as an ally
 18326 | Lair:3   | Noticed a six-headed hydra
 18340 | Lair:3   | Killed a three-headed hydra
 18489 | Lair:3   | Found a staircase to the Swamp.
 18656 | Lair:3   | Found a hole to the Spider Nest.
 18782 | Lair:3   | Noticed a four-headed hydra
 18789 | Lair:3   | Killed a one-headed hydra
 18789 | Lair:3   | Reached skill level 5 in Fighting
 18879 | Lair:3   | Noticed a seven-headed hydra
 18887 | Lair:3   | Killed a three-headed hydra
 19430 | Lair:4   | Reached skill level 5 in Invocations
 20227 | Lair:4   | Noticed a death yak
 20227 | Lair:4   | Noticed a death yak
 20228 | Lair:4   | Noticed a death yak
 20228 | Lair:4   | Noticed a death yak
 20239 | Lair:4   | Killed a death yak
 20239 | Lair:4   | Killed a death yak
 20241 | Lair:4   | Killed a death yak
 20241 | Lair:4   | Killed a death yak
 20241 | Lair:4   | Reached XP level 13. HP: 63/101 MP: 16/18
 20322 | Lair:4   | Identified a scroll of acquirement
 20904 | Lair:5   | Reached skill level 1 in Evocations
 21293 | Lair:5   | Gained Brandogh as an ally
 21798 | Lair:6   | Entered Level 6 of the Lair of Beasts
 21872 | Lair:6   | Found a viscous altar of Jiyva.
 21872 | Lair:6   | Found a staircase to the Slime Pits.
 21898 | Lair:6   | Gained Boderik as an ally
 22304 | Lair:6   | Gained Arkwar as an ally
 22306 | Lair:6   | Gained Jorge as an ally
 22377 | Lair:6   | Your ally Brandogh died
 22581 | Lair:6   | Your ally Brunolf died
 22591 | Lair:6   | Reached skill level 10 in Fighting
 22755 | Lair:6   | Your ally Boderik died
 22834 | Lair:6   | Gained Ortolf as an ally
 22923 | Lair:6   | Reached XP level 14. HP: 113/120 MP: 20/20
 23313 | Lair:6   | Your ally Jorge died
 23994 | Orc:1    | Entered Level 1 of the Orcish Mines
 24283 | Orc:2    | Entered Level 2 of the Orcish Mines
 24566 | Orc:2    | Reached skill level 15 in Armour
 25084 | D:12     | Noticed Azrael
 25096 | D:12     | Gained Arbolt as an ally
 25097 | D:12     | Killed Azrael
 25112 | D:12     | Gained Wardok as an ally
 25548 | D:13     | Gained Borgun as an ally
 25625 | D:13     | Identified a +2 pair of boots of running (You found it on level 13 of the Dungeon)
 25664 | D:13     | Found a labyrinth entrance.
 25675 | D:13     | Found Amant's General Store.
 25697 | Lab      | Entered a labyrinth
 26120 | Lab      | Identified the Guide on Calling and Arcane Weapons
 26121 | Lab      | Got a coiled marble ring
 26123 | Lab      | Identified the cursed ring of Ethics {rElec rPois MR++ Dex-3} (You found it in a labyrinth)
 26129 | Lab      | Got a faintly glowing plate armour
 26151 | Lab      | Identified the cursed +0 plate armour "Yronumur" {+Inv rElec rN++ Int-4} (You found it in a labyrinth)
 26178 | D:13     | Bought a potion of lignification for 48 gold pieces
 26432 | D:13     | Found a gate to the Vaults.
 26448 | D:13     | Gained Bogbarth as an ally
 26917 | D:14     | Got an ancient scimitar
 27133 | D:14     | Gained Harm as an ally
 27134 | D:14     | Noticed Nessos
 27140 | D:14     | Killed Nessos
 27841 | Orc:2    | Found a roughly hewn altar of Beogh.
 27851 | Orc:2    | Found Osous's Antique Armour Boutique.
 27851 | Orc:2    | Found Ryskeax's Book Shoppe.
 27920 | Orc:2    | Found a roughly hewn altar of Beogh.
 27953 | Orc:2    | Found a staircase to the Elven Halls.
 28126 | Orc:2    | Reached XP level 15. HP: 131/135 MP: 21/21
 28371 | Orc:2    | Found Bamim's Weapon Shoppe.
 28371 | Orc:2    | Found Kewkaiju's Gadget Boutique.
 28478 | Orc:1    | Noticed an orc warlord
 28498 | Orc:1    | Found a roughly hewn altar of Beogh.
 29200 | D:15     | Entered Level 15 of the Dungeon
 29200 | D:15     | Found a snail-covered altar of Cheibriados.
 29226 | D:15     | Noticed Louise
 29233 | D:15     | Killed Louise
 29258 | D:15     | Found a staircase to the Depths.
 30256 | Spider:1 | Entered Level 1 of the Spider Nest
 30608 | Spider:1 | Gained Warrok as an ally
 30620 | Spider:1 | Gained Koronagh as an ally
 30858 | Spider:1 | Noticed Agnes
 30870 | Spider:1 | Killed Agnes
 31242 | Spider:1 | Reached skill level 15 in Fighting
 31765 | Spider:2 | Reached XP level 16. HP: 92/150 MP: 22/22
 33246 | Swamp:1  | Entered Level 1 of the Swamp
 33330 | Swamp:1  | Noticed a thorn hunter
 33346 | Swamp:1  | Killed a thorn hunter
 33808 | Swamp:1  | Gained Borgoth as an ally
 34519 | Swamp:2  | Noticed a thorn hunter
 34541 | Swamp:2  | Killed a thorn hunter
 35178 | Swamp:1  | You fall through a shaft!
 35364 | Swamp:3  | Noticed a thorn hunter
 35387 | Swamp:3  | Killed a thorn hunter
 35387 | Swamp:3  | Reached XP level 17. HP: 123/166 MP: 23/23
 36221 | Swamp:4  | Entered Level 4 of the Swamp
 36232 | Swamp:3  | Reached skill level 5 in Evocations
 36750 | Swamp:4  | Gained Syrus as an ally
 36776 | Swamp:4  | Your ally Syrus died
 36801 | Swamp:4  | Noticed a tentacled monstrosity
 36977 | Swamp:4  | Killed a tentacled monstrosity
 37304 | Swamp:4  | Reached skill level 10 in Invocations
 37567 | Swamp:4  | Reached skill level 5 in Dodging
 37687 | Swamp:4  | Got a decaying rune of Zot
 37889 | Lair:1   | Identified a +0 rod of inaccuracy (9/9) (You found it on level 3 of the Swamp)
 38095 | Spider:4 | Entered Level 4 of the Spider Nest
 38793 | Spider:4 | Reached XP level 18. HP: 124/176 MP: 25/25
 38846 | Spider:4 | Gained Gorg as an ally
 39077 | Spider:4 | HP: 5/177 [wolf spider (7)]
 39093 | Spider:4 | HP: 1/177 [emperor scorpion (15)]
 39095 | Spider:4 | Demolished by an emperor scorpion

Vault maps used:
D:1:      shiori_arrival_maze
D:2:      serial_co_window_serial, co_window_paths_a, co_window_paths_a,
          co_window_paths_b, co_window_paths_b, co_window_paths_a,
          co_window_corner_b, co_window_2corner, co_window_corner_b,
          glass_columns_a, glass_columns_a
D:3:      nicolae_gozag_cash_rules_everything_around_me,
          grunt_temple_overflow_cloverleaf
D:4:      minmay_goblin_kobold_castle, uniq_menkaure
D:5:      grunt_temple_overflow_open, first_bread, uniq_duvessa
D:6:      portal_sewer_entry_b, kennysheep_generic_room_6
D:7:      kennysheep_orc_sif_temple, gammafunk_temple_overflow_elements,
          basic_altar
D:8:      old_standard_altar, erik_lair_dragon, grunt_ogre_cave
D:9:      serial_shops, shop
D:11:     hiddenorc1_lemuel, uniq_josephine, uniq_erolcha, uniq_urug
D:12:     uniq_azrael
D:13:     lightli_vaults_fourway_checkpoint, serial_shops, nicolae_shop_stone,
          lab_entry_generic
D:14:     uniq_nessos
D:15:     grunt_enter_depths_snipers, nrook_mini_vaults, basic_altar,
          minmay_misc_feat_x, uniq_louise
Lair:1:   lemuel_fruit_tree
Lair:3:   swamp_mist, dummy_spider_entry, st_stairs_4,
          nicolae_lair_grove_arrangements
Lair:5:   beast_lair_carwin_large_3, grunt_megastairs_3, serial_bayou_shore_a,
          lemuel_fruit_fields
Lair:6:   evilmike_catoblepas_cave, slime_altar_1,
          hangedman_lair_unloving_vines, patterned_corridor,
          minmay_lair_oklob_chamber, lemuel_fruit_fields,
          infiniplex_staircase_pool, serial_bayou_shore_b
Swamp:1:  evilmike_swamp_ruin_house_3, infiniplex_staircase_pool_2
Swamp:2:  evilmike_swamp_ruin_rubble_1
Swamp:3:  serial_swamp_ruin, evilmike_swamp_ruin_house_2,
          hangedman_swamp_ruin_wall, evilmike_swamp_ruin_rubble_2, swamp_pool1
Swamp:4:  swamp_vile
Spider:1: nicolae_spider_nook, uniq_agnes
Spider:2: spider_trap
Spider:3: nicolae_spider_hall_of_the_moth_king
Spider:4: grunt_spider_rune_parallel, zaba_anthell
Orc:1:    basic_altar
Orc:2:    st_orc_town, basic_altar, lightli_orcish_oven
Lab:      lab_fountain
Sewer:    sewer_co_purgy_island

Skill      XL: |  1  2  3  4  5  6  7  8  9 10 11 12 13 14 15 16 17 18 |
---------------+-------------------------------------------------------+-----
Axes           | 5 6 7 8 10 11 12 14 16 18 19 20 | 20.0
Armour         | 3 6 8 10 11 12 14 17 19 20 | 20.0
Invocations    | 7 8 10 | 10.0
Fighting       | 6 10 13 15 18 19 | 19.6
Evocations     | 4 8 |  8.5
Dodging        | 5 6 |  6.2
Stealth        | |  1.5

Action                   |  1- 3 |  4- 6 |  7- 9 | 10-12 | 13-15 | 16-18 || total
-------------------------+-------+-------+-------+-------+-------+-------++-------
Melee: Hand axe          |   131 |   290 |   559 |    23 |     4 |       ||  1007
       War axe           |       |       |    76 |       |       |       ||    76
       Battleaxe         |       |       |     8 |   467 |   903 |  1099 ||  2477
Throw: Javelin           |       |       |     1 |       |       |       ||     1
Invok: Convert to Beogh  |       |     1 |       |       |       |       ||     1
       Recall Orcish Fol |       |       |     5 |     2 |     6 |     4 ||    17
       Resurrection      |       |       |       |       |     1 |       ||     1
       Give Item to Name |       |       |       |       |     1 |       ||     1
       Smiting           |       |       |       |       |     6 |     3 ||     9
Evoke: Wand              |       |       |       |     3 |     3 |     1 ||     7
       Rod               |       |       |       |       |       |     3 ||     3
  Use: Scroll            |       |     6 |    10 |     2 |    17 |     4 ||    39
       Potion            |       |     1 |     6 |     2 |     4 |     9 ||    22
 Stab: Sleeping          |     4 |     5 |       |       |     1 |       ||    10
       Confused          |       |       |     7 |     3 |       |     1 ||    11
       Distracted        |       |       |     5 |     8 |     8 |     6 ||    27
       Paralysed         |       |       |       |       |    10 |       ||    10
  Eat: Chunk             |     1 |    11 |    19 |    25 |    25 |    21 ||   102
       Pizza             |       |       |     2 |     1 |     1 |       ||     4
       Beef jerky        |       |       |       |     3 |       |       ||     3
       Fruit             |       |       |       |       |    11 |     3 ||    14
Armor: Robe              |    26 |    13 |       |       |       |       ||    39
       Scale mail        |       |    78 |   178 |       |       |       ||   256
       Chain mail        |       |       |    60 |    20 |   178 |       ||   258
       Plate armour      |       |       |       |   295 |   467 |  1076 ||  1838
       Acid dragon scale |       |       |       |       |    24 |       ||    24
Dodge: Dodged            |    99 |   138 |   307 |   191 |   325 |   538 ||  1598
